 Dungeon Crawl Stone Soup version 0.19.5 (webtiles) character file.

391 sveltemanboy the Slasher (level 6, -6/44 HPs)
             Began as a Demonspawn Gladiator on Mar 26, 2017.
             Was an Initiate of Okawaru.
             Mangled by Pikel
             ... wielding a +1 whip of electrocution
              (18 damage)
             ... on level 5 of the Dungeon.
             The game lasted 00:10:29 (4714 turns).

sveltemanboy the Slasher (Demonspawn Gladiator)     Turns: 4714, Time: 00:10:30

Health: -6/44      AC: 12    Str: 15    XL:     6   Next: 50%
Magic:  8/8        EV: 19    Int: 11    God:    Okawaru [......]
Gold:   208        SH:  0    Dex: 14    Spells: 0 memorised, 5 levels left

rFire  + . .     SeeInvis .     o - +0 falchion (protect)
rCold  + . .     Gourm    .     t - +0 leather armour {rF+}
rNeg   . . .     Faith    .     (no shield)
rPois  .         Spirit   .     c - +0 helmet
rElec  .         Reflect  .     (no cloak)
rCorr  .         Harm     .     g - +0 pair of gloves
MR     .....                    (no boots)
Stlth  +.........               (no amulet)
                                (no ring)
                                q - +5 ring of evasion

@: protection aura
A: talons 1, repulsion field 1, cold resistance 1
a: Renounce Religion


You were on level 5 of the Dungeon.
You worshipped Okawaru.
Okawaru was noncommittal.
You were hungry.

You visited 1 branch of the dungeon, and saw 5 of its levels.

You collected 208 gold pieces.

Inventory:

Hand Weapons
 a - a +0 long sword
 o - a +0 falchion of protection (weapon)
Armour
 c - a +0 helmet (worn)
 g - a +0 pair of gloves (worn)
 t - a +0 leather armour of fire resistance (worn)
Jewellery
 q - a +5 ring of evasion (left hand)
Scrolls
 e - a scroll of teleportation {unknown}
 h - 2 scrolls of identify {unknown}
 j - a scroll of fear {unknown}
 l - 4 scrolls of remove curse {unknown}
 n - a scroll of fog {unknown}
 p - 3 scrolls of amnesia {unknown}
 u - a scroll of magic mapping {unknown}
Potions
 d - a potion of brilliance
Comestibles
 b - 2 meat rations
 f - 5 bread rations
 i - a beef jerky
 k - 6 fruits
 m - a slice of pizza


   Skills:
 - Level 2.0 Fighting
 * Level 5.9 Long Blades
 - Level 1.7 Throwing
 - Level 2.0 Armour
 - Level 2.6 Dodging
 + Level 2.7 Invocations


You had 5 spell levels left.
You didn't know any spells.

Dungeon Overview and Level Annotations

Branches:
Dungeon (5/15)
 Temple: D:4-7

Altars:
Fedhas
Makhleb
Okawaru
Zin

Annotations:
D:5 Pikel


Innate Abilities, Weirdness & Mutations

You have sharp toenails.
You are surrounded by a mild repulsion field. (EV +2)
Your flesh is cold resistant. (rC+)


Message History

Okay, then.
Okay, then.
Okay, then.
You closely miss Pikel.
Pikel is heavily wounded.
Pikel hits you but does no damage.
You closely miss Pikel. Your kick misses Pikel.
Pikel is heavily wounded.
Pikel misses you.
You closely miss Pikel. You claw Pikel, but do no damage.
Pikel is heavily wounded.
Pikel misses you.
You closely miss Pikel.
Pikel is heavily wounded.
Pikel barely misses you.
You hit Pikel.
Your weapon exudes an aura of protection.
Pikel is heavily wounded.
Pikel hits you but does no damage.
You are electrocuted!
You die...

#.######...#
##+##
#.........##
#########.# #.#
## #.# Kp
#.###### .#
#.##...# .#
#......###g$#...
####...@Kpp.....
#######g##### #


You could see Pikel, 2 slaves and 2 gnolls.

Vanquished Creatures
  A slave (D:5)
  An ogre (D:4)
  A quasit (D:4)
  An orc priest (D:4)
  Ijyb (D:2)
  An iguana (D:4)
  An orc wizard (D:4)
  A gnoll (D:5)
  6 adders
  2 oozes
  An adder skeleton (D:4)
  2 worms (D:2)
  2 dart slugs
  5 leopard geckos
  4 orcs
  A ball python (D:3)
  3 giant cockroaches
  10 goblins
  10 hobgoblins
  5 jackals
  2 quokkas (D:3)
  8 bats
  6 frilled lizards
  9 kobolds
  A leopard gecko skeleton (D:4)
  6 rats
91 creatures vanquished.

Notes
Turn   | Place    | Note
-------+----------+-------------------------------------------
     0 | D:1      | sveltemanboy the Demonspawn Gladiator began the quest for the Orb.
     0 | D:1      | Reached XP level 1. HP: 16/16 MP: 1/1
   286 | D:1      | Reached skill level 3 in Long Blades
   290 | D:1      | Gained mutation: Your flesh is cold resistant. (rC+) [demonic ancestry]
   290 | D:1      | Reached XP level 2. HP: 22/22 MP: 2/2
   672 | D:1      | Reached skill level 1 in Armour
  1045 | D:1      | Reached XP level 3. HP: 27/27 MP: 3/3
  1673 | D:2      | Reached skill level 4 in Long Blades
  1685 | D:2      | Noticed Ijyb
  1709 | D:2      | Killed Ijyb
  1709 | D:2      | Gained mutation: You have sharp toenails. [demonic ancestry]
  1709 | D:2      | Reached XP level 4. HP: 16/33 MP: 4/4
  2774 | D:3      | Found an iron altar of Okawaru.
  2786 | D:3      | Became a worshipper of Warmaster Okawaru
  2836 | D:3      | Gained mutation: You are surrounded by a mild repulsion field. (EV +2) [demonic ancestry]
  2836 | D:3      | Reached XP level 5. HP: 34/38 MP: 5/5
  2957 | D:3      | Found a blossoming altar of Fedhas.
  3476 | D:4      | Reached skill level 1 in Invocations
  3573 | D:4      | Reached skill level 5 in Long Blades
  4142 | D:4      | Reached XP level 6. HP: 43/44 MP: 7/7
  4158 | D:4      | Found a burning altar of Makhleb.
  4159 | D:4      | Noticed a green death
  4256 | D:4      | Found a glowing silver altar of Zin.
  4256 | D:4      | Noticed an angel
  4282 | D:4      | HP: 2/66 [ogre/giant spiked club (5)]
  4635 | D:5      | Entered Level 5 of the Dungeon
  4664 | D:5      | Noticed a slave
  4665 | D:5      | Noticed Pikel
  4667 | D:5      | Noticed a slave
  4671 | D:5      | Noticed a slave
  4679 | D:5      | Noticed a slave
  4686 | D:5      | Killed a slave
  4714 | D:5      | Mangled by Pikel

Skill      XL: |  1  2  3  4  5 |
---------------+----------------+-----
Long Blades    | 3 4 5 |  5.9
Armour         | 1 2 |  2.0
Invocations    | 2 |  2.7
Fighting       | |  2.0
Throwing       | |  1.7
Dodging        | |  2.6

Action                   |  1- 3 |  4- 6 || total
-------------------------+-------+-------++-------
Melee: Long sword        |   133 |   108 ||   241
       Kick              |       |    63 ||    63
       Falchion          |       |   119 ||   119
Throw: Throwing net      |     3 |       ||     3
  Use: Potion            |     8 |     2 ||    10
 Stab: Held in net/web   |     1 |       ||     1
  Eat: Chunk             |     3 |     9 ||    12
Armor: Ring mail         |    28 |    50 ||    78
       Leather armour    |     1 |    25 ||    26
       Skin              |    26 |     3 ||    29
Dodge: Dodged            |    78 |   166 ||   244
       Rpst.: Long sword |    21 |    18 ||    39
       Falchion          |       |    27 ||    27
